 Dungeon Crawl Stone Soup version 0.31-a0-949-g57150269e1 (webtiles) character file.

Game seed: 17249396241232902791

33373 miscthings the Mimic (level 13, -13/122 HPs)
             Began as a Troll Shapeshifter on Oct 22, 2023.
             Was a High Priest of Makhleb.
             Mangled by a six-headed hydra (16 damage)
             ... on level 3 of the Lair of Beasts.
             The game lasted 00:28:54 (9845 turns).

miscthings the Mimic (Troll Shapeshifter)           Turns: 9845, Time: 00:28:54

Health: -13/122    AC:  3    Str: 29    XL:     13   Next: 36%
Magic:  16/16      EV: 18    Int:  9    God:    Makhleb [*****.]
Gold:   1379       SH:  0    Dex: 16    Spells: 12/12 levels left

rFire   . .          .
                       - Unarmed
rCold   + + .        (no shield)
rNeg    . . .        I - melded +0 steam dragon scales
rPois   +            (helmet restricted)
rElec   .            u - +0 cloak
rCorr   .            (gloves unavailable)
SInv    .            (boots unavailable)
Will    .....        (no amulet)
Stlth   +            v - ring of the Leaf {rPois rC++ Will- Str+4 Int+3 Dex+3}
HPRegen 1.20/turn    x - +5 ring of evasion
MPRegen 0.15/turn

%: no passive effects
@: maw-form
A: devouring maw, large, unfitting armour, claws 3, regeneration 1, shaggy fur
1, tough skin 1
a: Begin Untransformation, Renounce Religion, Minor Destruction, Lesser Servant
of Makhleb, Major Destruction, Greater Servant of Makhleb


You were on level 3 of the Lair of Beasts.
You worshipped Makhleb.
Makhleb was extremely pleased with you.
You were a creature with a mouth for a stomach.
You visited 3 branches of the dungeon, and saw 16 of its levels.

You collected 1379 gold pieces.

Inventory:

Missiles
 i - 16 large rocks (quivered)
 z - 3 throwing nets
 E - a curare-tipped dart
Armour
 r - the +1 buckler of the Jolly Scars {Harm rPois rN+}
   (You found it on level 3 of the Dungeon)

   rPois:     It protects you from poison rN+: It protects you from negative
   energy.
   Harm:      It increases damage dealt and taken.
 u - a +0 cloak (worn)
 H - the +0 kite shield of Card Tricks {rF- Regen+ Str+5 SInv}
   (You found it on level 9 of the Dungeon)

   Str+5:     It affects your strength (+5).
   rF-:       It makes you vulnerable to fire.
   SInv:      It lets you see invisible.
   Regen+:    It increases your rate of health regeneration.
 I - +0 steam dragon scales (melded)
 J - +0 acid dragon scales
 M - a +2 robe of cold resistance
Jewellery
 p - a ring of flight
 v - the ring of the Leaf (left claw) {rPois rC++ Will- Str+4 Int+3 Dex+3}
   (You found it on level 5 of the Dungeon)

   [ring of poison resistance]

   Str+4:     It affects your strength (+4).
   Int+3:     It affects your intelligence (+3).
   Dex+3:     It affects your dexterity (+3).
   rC++:      It greatly protects you from cold.
   rPois:     It protects you from poison Will-: It decreases your willpower.
 x - a +5 ring of evasion (right claw)
 B - a +6 ring of strength
 L - a ring of ice
 S - a ring of protection from cold
Talismans
 c - a beast talisman
 d - a flux talisman
 y - a serpent talisman
 F - a maw talisman (active)
Wands
 t - a wand of flame (13)
 w - a wand of roots (10)
 A - a wand of charming (21)
Scrolls
 a - a scroll of noise {unknown}
 g - 4 scrolls of fog
 k - a scroll of revelation {unknown}
 l - a scroll of poison
 o - 5 scrolls of teleportation
 q - 2 scrolls of blinking
 D - a scroll of silence {unknown}
 K - a scroll of fear
 Q - a scroll of acquirement {unknown}
 R - a scroll of identify {@r1}
Potions
 b - a potion of lignification
 e - 4 potions of brilliance
 f - a potion of haste
 h - 4 potions of enlightenment
 j - 4 potions of curing
 m - 2 potions of magic
 n - a potion of berserk rage
 s - a potion of attraction
 C - a potion of heal wounds
 G - a potion of ambrosia
 N - a potion of mutation
 O - a potion of might {unknown}
 P - a potion of invisibility {unknown}


   Skills:
 + Level 6.5 Fighting
 + Level 3.7 Throwing
 - Level 6.0 Armour
 + Level 6.5 Dodging
 + Level 3.8 Shields
 + Level 8.2 Unarmed Combat
 + Level 5.4 Invocations
 * Level 6.6 Evocations
 * Level 12.2 Shapeshifting


You had 12 spell levels left.
You didn't know any spells.
Your spell library contained the following spells:

 Spells                   Type           Power      Damage    Failure   Level
 Apportation              Tloc           0%         N/A       38%         1
 Necrotise                Necr           0%         1d4       38%         1
 Summon Small Mammal      Summ           0%         N/A       38%         1
 Cigotuvi's Dreadful Rot  Necr/Pois/Air  0%         N/A       52%         2
 Ensorcelled Hibernation  Hex/Ice        0%         N/A       52%         2
 Jinxbite                 Hex            0%         N/A       52%         2
 Call Canine Familiar     Summ           0%         N/A       77%         3
 Sigil of Binding         Hex            0%         N/A       77%         3
 Vampiric Draining        Necr           0%         2d6       77%         3
 Anguish                  Hex/Necr       0%         N/A       99%         4
 Dimensional Bullseye     Hex/Tloc       0%         N/A       99%         4
 Leda's Liquefaction      Hex/Erth       0%         N/A       99%         4
 Olgreb's Toxic Radiance  Pois           0%         N/A       99%         4
 Agony                    Necr           0%         N/A       100%        5
 Discord                  Hex            0%         N/A       100%        8
 Ignition                 Fire           0%         3d3       100%        8
 Summon Horrible Things   Summ           0%         N/A       100%        8
 Chain Lightning          Conj/Air       0%         N/A       100%        9
 Dragon's Call            Summ           0%         N/A       100%        9
 Fire Storm               Conj/Fire      0%         5d1       100%        9
 Shatter                  Erth           0%         3d5*      100%        9


Dungeon Overview and Level Annotations

Branches:
Dungeon (12/15)            Temple (1/1) D:6            Lair (3/5) D:9
    Orc (0/2) D:10
  Swamp: Lair:2-3    Shoals: Lair:2-3     Snake: Lair:2-3    Spider: Lair:2-3

Altars:
Ashenzari
Cheibriados
Dithmenos
Elyvilon
Fedhas
Gozag
Hepliaklqana
Kikubaaqudgha
Makhleb
Nemelex Xobeh
Okawaru
Qazlal
Ru
Sif Muna
Trog
Uskayaw
Vehumet
Wu Jian
Xom
Yredelemnul
Zin
The Shining One

Shops:
D:8 [

Portals:
Trove: D:10 (give 15 potions of curing)


Innate Abilities, Weirdness & Mutations

You are a creature with a mouth for a stomach.
Your midsection houses a second, enormous mouth.
You are too large for most types of armour.
You have claws for hands.
Your natural rate of healing is unusually fast.
You are covered in fur. (AC +1)
You have tough skin. (AC +1)


Message History

The five-headed hydra misses you.
The five-headed hydra closely misses you.
You completely miss the five-headed hydra.
The five-headed hydra bites you!
The five-headed hydra closely misses you.
The five-headed hydra completely misses you.
The five-headed hydra bites you.
The five-headed hydra bites you but does no damage.
You barely miss the five-headed hydra. You bite the five-headed hydra!
The five-headed hydra is moderately wounded.
The five-headed hydra bites you! x2
The five-headed hydra closely misses you.
The five-headed hydra misses you. x2
You tear one of the five-headed hydra's heads off!
The four-headed hydra grows two more!
You mangle the six-headed hydra!!
You claw the six-headed hydra, but do no damage.
You bite the six-headed hydra!
The six-headed hydra is heavily wounded.
The six-headed hydra bites you! x3; The six-headed hydra barely misses you.
The six-headed hydra bites you! x2
You are too injured to fight recklessly!
You are too injured to fight recklessly!
You are too injured to fight recklessly!
You are too injured to fight recklessly!
You are too injured to fight recklessly!
Aiming: Fastroot
Press: ? - help, Shift-Dir - straight line The roots erupt in riotous growth!
Roots grab the six-headed hydra.
The grasping roots constrict the six-headed hydra!
The six-headed hydra bites you!
* * * LOW HITPOINT WARNING * * *
The six-headed hydra bites you.
* * * LOW HITPOINT WARNING * * *
The six-headed hydra bites you!
* * * LOW HITPOINT WARNING * * *
The six-headed hydra barely misses you. The six-headed hydra bites you!
* * * LOW HITPOINT WARNING * * *
The six-headed hydra bites you!
You die...

#... ########.###.##......
#...##.....+..##...##..##.
#...#.....#...#.....#..#..
#....#.....#..#8.>.8#..#.†
.......###...##........#.###.
.........##.##......8..#..PP.
...................####......
.............................
...F.......DW................
.....>.......†.........######
....................+###
...####.#.#.....# ...
#####.....# .. ......#
......# ...... #


You could see a six-headed hydra (rooted).

Vanquished Creatures
  Fannar (D:11)
  5 two-headed ogres
  A boulder beetle (D:11)
  Amaemon (D:11)
  Lodul (D:11)
  An orange crystal statue (D:10)
  Pikel (D:6)
  An ugly thing (D:11)
  2 cyclopes
  3 black mambas
  7 elephants (Lair:2)
  6 cane toads
  6 unseen horror zombies (D:9)
  2 rime drakes
  An orange demon (D:11)
  An unseen horror (D:10)
  4 komodo dragons
  3 kobold demonologists
  A polar bear (Lair:3)
  2 trolls
  4 blink frogs (Lair:3)
  A slime creature (D:12)
  4 wraiths
  A shadow (D:9)
  A wyvern (D:11)
  7 fire bats (Lair:2)
  4 steam dragons
  26 yaks
  3 vampire mosquitoes (D:11)
  A warg (D:8)
  2 acid dragons (D:10)
  5 water moccasins
  4 sky beasts
  2 orc warriors
  An ice beast (D:7)
  3 black bears
  12 ogres
  3 centaurs
  3 lemures (D:6)
  5 kobold brigands
  6 gnoll sergeants
  12 bullfrogs
  2 scorpions
  19 wights
  19 killer bees
  14 howler monkeys
  An electric eel (Lair:1)
  4 crimson imps (D:5)
  7 hounds
  5 centaur zombies (D:9)
  7 orc priests
  3 gnoll boudas
  3 jellies
  A sleepcap (D:6)
  2 iguanas
  11 orc wizards
  2 howler monkey zombies (D:9)
  30 gnolls
  10 adders
  A shadow imp (D:8)
  A worm (D:2)
  3 dart slugs
  33 orcs
  4 bats
  13 endoplasms
  2 giant cockroaches
  8 goblins
  A hobgoblin (D:4)
  2 jackals (D:3)
  2 quokkas
  7 ball pythons
  A frilled lizard (D:3)
  17 kobolds
  5 rats
400 creatures vanquished.

Vanquished Creatures (others)
  A hornet zombie (D:9)
  3 kobolds
4 creatures vanquished.

Grand Total: 404 creatures vanquished

Notes
Turn   | Place    | Note
-------+----------+-------------------------------------------
     0 | D:1      | miscthings the Troll Shapeshifter began the quest for the
                  | Orb.
     0 | D:1      | Reached XP level 1. HP: 18/18 MP: 0/0
   168 | D:1      | Reached XP level 2. HP: 26/26 MP: 1/1
   451 | D:1      | Reached skill level 4 in Shapeshifting
   589 | D:2      | Reached XP level 3. HP: 24/32 MP: 2/2
   601 | D:2      | Found a faded altar of an unknown god.
   602 | D:2      | Noticed a golden eye
   604 | D:2      | Noticed an eye of devastation
   609 | D:2      | Noticed a great orb of eyes
   620 | D:2      | Noticed an eye of devastation
   789 | D:2      | Found an iron altar of Okawaru.
  1071 | D:2      | Reached XP level 4. HP: 40/40 MP: 3/3
  1189 | D:3      | Found a hide-covered altar of Uskayaw.
  1363 | D:3      | Reached skill level 5 in Shapeshifting
  1517 | D:3      | Found a sacrificial altar of Ru.
  1559 | D:3      | Identified the +1 buckler of the Jolly Scars {Harm rPois
                  | rN+}
  1569 | D:3      | Found a bloodstained altar of Trog.
  1569 | D:3      | Found an ornate altar of the Wu Jian Council.
  1814 | D:4      | Noticed a black bear
  1909 | D:4      | Reached XP level 5. HP: 46/46 MP: 4/4
  2009 | D:4      | Noticed a steam dragon
  2011 | D:4      | Reached skill level 6 in Shapeshifting
  2046 | D:4      | Killed a steam dragon
  2047 | D:4      | Reached XP level 6. HP: 7/54 MP: 5/5
  2124 | D:4      | Reached skill level 7 in Shapeshifting
  2307 | D:4      | HP: 1/54 [goblin/+0 club (4)]
  2420 | D:4      | Reached XP level 7. HP: 49/61 MP: 6/6
  2497 | D:4      | Found a blossoming altar of Fedhas.
  2561 | D:5      | Entered Level 5 of the Dungeon
  2595 | D:5      | Reached skill level 1 in Fighting
  2856 | D:5      | Identified the ring of the Leaf {rPois rC++ Will- Str+4
                  | Int+3 Dex+3}
  3066 | D:5      | Reached skill level 1 in Armour
  3129 | D:5      | Found a shimmering altar of Xom.
  3289 | D:5      | Reached skill level 8 in Shapeshifting
  3289 | D:5      | Reached XP level 8. HP: 72/72 MP: 7/7
  3583 | D:6      | Noticed Pikel
  3616 | D:6      | Killed Pikel
  3729 | D:6      | Reached XP level 9. HP: 66/81 MP: 8/8
  3799 | D:6      | Noticed a two-headed ogre
  3804 | D:6      | Killed a two-headed ogre
  3805 | D:6      | Reached skill level 5 in Unarmed Combat
  3805 | D:6      | Reached skill level 9 in Shapeshifting
  4074 | D:6      | Found a staircase to the Ecumenical Temple.
  4081 | Temple   | Entered the Ecumenical Temple
  4098 | Temple   | Became a worshipper of Makhleb the Destroyer
  4225 | D:7      | Found a bloodstained altar of Trog.
  4270 | D:7      | Found an opulent altar of Gozag.
  4271 | D:7      | Noticed a cyclops
  4281 | D:7      | Killed a cyclops
  4282 | D:7      | Reached skill level 1 in Invocations
  4282 | D:7      | Reached skill level 1 in Evocations
  4496 | D:7      | Reached XP level 10. HP: 80/92 MP: 10/10
  4563 | D:7      | Reached skill level 10 in Shapeshifting
  4681 | D:7      | Reached * piety under Makhleb
  4969 | D:8      | Identified the "Witaa"
  5107 | D:8      | Reached ** piety under Makhleb
  5670 | D:8      | Noticed a soul eater
  5684 | D:8      | Reached *** piety under Makhleb
  5685 | D:8      | Reached XP level 11. HP: 34/101 MP: 12/12
  5786 | D:8      | Reached skill level 5 in Dodging
  5824 | D:8      | Found Hofef's Armour Emporium.
  6065 | D:9      | Reached skill level 5 in Fighting
  6193 | D:9      | Reached **** piety under Makhleb
  6298 | D:9      | Found a basalt altar of Yredelemnul.
  6334 | D:9      | Reached skill level 5 in Armour
  6416 | D:9      | Found a staircase to the Lair.
  6422 | D:9      | Identified the +0 kite shield of Card Tricks {rF- Regen+
                  | Str+5 SInv}
  6645 | D:9      | Found a radiant altar of Vehumet.
  6666 | D:10     | Entered Level 10 of the Dungeon
  6711 | D:10     | Reached skill level 11 in Shapeshifting
  6879 | D:10     | Noticed an orange crystal statue
  6927 | D:10     | Found a portal to a secret trove of treasure.
  7040 | D:10     | Reached skill level 1 in Throwing
  7042 | D:10     | Reached skill level 1 in Shields
  7175 | D:10     | Killed an orange crystal statue
  7202 | D:10     | Found a staircase to the Orcish Mines.
  7202 | D:10     | Noticed a two-headed ogre
  7211 | D:10     | Killed a two-headed ogre
  7412 | D:10     | Reached skill level 5 in Evocations
  7489 | D:11     | Noticed Fannar
  7506 | D:11     | Killed Fannar
  7507 | D:11     | Reached XP level 12. HP: 111/111 MP: 14/14
  7548 | D:11     | Noticed a two-headed ogre
  7557 | D:11     | Killed a two-headed ogre
  7744 | D:11     | Noticed a two-headed ogre
  7750 | D:11     | Killed a two-headed ogre
  7809 | D:11     | Noticed Lodul
  7833 | D:11     | Noticed a two-headed ogre
  7842 | D:11     | Killed a two-headed ogre
  7878 | D:11     | Reached ***** piety under Makhleb
  7888 | D:11     | Killed Lodul
  7951 | D:11     | Noticed Amaemon
  7969 | D:11     | Killed Amaemon
  7981 | D:11     | Noticed a boulder beetle
  7994 | D:11     | Killed a boulder beetle
  8313 | D:12     | Noticed a boulder beetle
  8384 | Lair:1   | Entered Level 1 of the Lair of Beasts
  8800 | Lair:2   | Reached skill level 5 in Invocations
  9033 | Lair:2   | Reached XP level 13. HP: 120/120 MP: 15/15
  9045 | Lair:2   | Reached skill level 12 in Shapeshifting
  9845 | Lair:3   | HP: 3/122 [six-headed hydra (13)]
  9845 | Lair:3   | Mangled by a six-headed hydra

Illustrated notes

Levels and vault maps discovered:
D:1:      scummos_arrival_hexagon, layout_basic
D:2:      layout_basic, hellmonk_ecumenical_altar_watching_god, basic_altar,
          minmay_pentomino_r2
D:3:      layout_loops_cross, mainiacjoe_overflow_concentric_impassable,
          nicolae_overflow_hidden_temple
D:4:      layout_rooms, fedhas_altar_4, minmay_vboxes
D:5:      layout_loops_ring, led_xom_imps
D:6:      nicolae_cairo_tiling, layout_rooms, temple_green,
          kennysheep_minor_cross, minmay_misc_feat_rows, hex_tiny,
          nicolae_underground_beach, uniq_pikel
D:7:      layout_gridville, hangedman_feature_mirror,
          chequers_serial_rivers_micro_c
D:8:      lemuel_castle_with_subvaults [lemuel_castle_interior_carwin_1],
          layout_basic, serial_shops,
          nicolae_shop_temple_entry_statues_fountains
D:9:      layout_cave_pools, lemuel_zombie_altar_yredelemnul,
          lemuel_doored_altar, lair_entry_dummy, serial_undead, serial_undead_f,
          serial_undead_c, serial_undead_e, serial_undead_a, serial_undead_f,
          serial_undead_b, serial_undead_e
D:10:     layout_cross, orc_0_dummy, enter_trove_0, minivault_16,
          minmay_misc_feat_diagonals
D:11:     layout_gridville, uniq_fannar, uniq_lodul, uniq_amaemon
D:12:     layout_irregular_city, uniq_azrael
Temple:   zaba_magenta_temple
Lair:1:   layout_roguey, serial_bayou_lagoon_b, infiniplex_staircase_pool_2
Lair:2:   layout_gridlike, grunt_megastairs_4
Lair:3:   layout_regular_city, elwin_shoals_entry_rooms,
          hellmonk_spider_entry_not_the_bees, grunt_megastairs_1

Skill      XL: |  1  2  3  4  5  6  7  8  9 10 11 12 13 |
---------------+----------------------------------------+-----
Shapeshifting  | 4 5 6 7 8 9 10 11 12 | 12.2
Fighting       | 2 3 4 5 6 |  6.5
Dodging        | 2 3 4 5 6 |  6.5
Armour         | 1 2 3 4 5 6 |  6.0
Unarmed Combat | 4 5 6 7 8 |  8.2
Invocations    | 1 3 4 5 |  5.4
Evocations     | 2 3 5 6 |  6.6
Throwing       | 1 3 |  3.7
Shields        | 1 3 |  3.8

Action                     |  1- 3 |  4- 6 |  7- 9 | 10-12 | 13-15 || total
---------------------------+-------+-------+-------+-------+-------++-------
  Melee: Unarmed           |    86 |   115 |   258 |   812 |   110 ||  1381
         Punch             |     1 |     3 |       |    17 |    11 ||    32
         Maw               |       |       |       |   137 |    46 ||   183
  Throw: Large rock        |       |     5 |     2 |       |       ||     7
  Evoke: Wand              |       |       |     3 |     6 |     1 ||    10
    Use: Potion            |       |     3 |       |     8 |       ||    11
         Scroll            |       |       |     6 |    12 |     1 ||    19
   Stab: Sleeping          |     1 |       |       |       |       ||     1
 Armour: Animal skin       |    54 |    56 |       |       |       ||   110
         Steam dragon scal |       |    70 |   136 |   350 |       ||   556
         Skin              |       |       |       |   237 |    82 ||   319
  Dodge: Dodged            |    29 |    71 |   143 |   881 |   111 ||  1235
   Form: Flux              |       |     1 |     3 |       |       ||     4
         Anaconda          |       |       |     2 |       |       ||     2
                           |       |       |     1 |       |       ||     1
         Beast             |       |       |     1 |       |       ||     1
         Maw               |       |       |       |     1 |       ||     1

Table legend: (Time is in decaauts)
 A = Elapsed time spent in this place.
 B = Non-inter-level travel time spent in this place.
 C = Inter-level travel time spent in this place.
 D = Time resting spent in this place.
 E = Time spent auto-exploring this place.
 F = Levels seen in this place.
 G = Mean time per level.
                   A        B        C        D        E       F      G
               +--------+--------+--------+--------+--------+-----+--------+
         Total |   9765 |   9201 |    564 |    266 |   5785 |  16 |  610.3 |
       Dungeon |   8299 |   7795 |    504 |    197 |   4941 |  12 |  691.6 |
        Temple |     34 |     17 |     17 |      0 |      0 |   1 |   34.0 |
          Lair |   1431 |   1389 |     42 |     69 |    844 |   3 |  477.0 |
               +--------+--------+--------+--------+--------+-----+--------+

Top non-repeatable levels by time:
     D:8: 1040 daAuts
    D:11: 930 daAuts
  Lair:2: 868 daAuts
     D:5: 828 daAuts
     D:7: 786 daAuts
     D:9: 777 daAuts
     D:3: 766 daAuts
     D:6: 744 daAuts
     D:4: 648 daAuts
    D:10: 622 daAuts
     D:1: 577 daAuts
     D:2: 562 daAuts
  Lair:1: 401 daAuts
  Lair:3: 161 daAuts
  Temple: 34 daAuts
